 Dungeon Crawl Stone Soup version 0.29-a0-231-g945431f764 (webtiles) character file.

Game seed: 8576438820487150523

58 BlueGoblin the Ducker (level 3, 0/19 HPs)
             Began as a Spriggan Monk on Mar 1, 2022.
             Was an Initiate of Gozag.
             Succumbed to Crazy Yiuf's poison
             ... on level 2 of the Dungeon.
             The game lasted 00:06:33 (3835 turns).

BlueGoblin the Ducker (Spriggan Monk)               Turns: 3835, Time: 00:06:34

Health: 0/19       AC:  3    Str:  7    XL:     3   Next: 75%
Magic:  4/4        EV: 21    Int: 11    God:    Gozag
Gold:   262        SH:  0    Dex: 19    Spells: 2/2 levels left

rFire   + . .      SeeInvis +   a - +0 short sword (freeze)
rCold   + . .      Faith    .   (no shield)
rNeg    . . .      Spirit   .   b - +1 robe
rPois   +          Reflect  .   (helmet restricted)
rElec   +          Harm     .   (no cloak)
rCorr   +          Rampage  .   (gloves unavailable)
Will    +....                   (boots unavailable)
Stlth   +++.......              j - amulet of the acrobat
HPRegen 0.06/turn               d - ring "Wesenon" {Will+ Slay+2}
MPRegen 0.09/turn               (no ring)

@: lethally poisoned (0 -> -4), resistant, invisible, very quick
A: very small, no large weapons, unfitting armour, see invisible, speed 3
a: Renounce Religion, Potion Petition, Call Merchant, Bribe Branch


You were on level 2 of the Dungeon.
You worshipped Gozag.
Gozag was aware of your devotion.
You visited 1 branch of the dungeon, and saw 3 of its levels.

You collected 262 gold pieces.

Inventory:

Hand Weapons
 a - a +0 short sword of freezing (weapon)
Armour
 b - a +1 robe (worn)
Jewellery
 d - the ring "Wesenon" (left hand) {Will+ Slay+2}
   (You acquired it on level 1 of the Dungeon)

   [ring of willpower]

   Slay:      It affects your accuracy & damage with ranged weapons and melee
   (+2).
   Will:      It increases your willpower.
 j - an amulet of the acrobat (around neck)
Scrolls
 h - 2 scrolls of enchant armour
Potions
 c - a potion of lignification {unknown}
 e - a potion of haste
 g - 2 potions of mutation
 l - a potion of curing {unknown}


   Skills:
 - Level 2.4 Fighting
 - Level 3.2 Short Blades
 + Level 6.3 Dodging
 - Level 3.0 Stealth


You had 2 spell levels left.
You didn't know any spells.
Your spell library was empty.

Dungeon Overview and Level Annotations

Branches:
Dungeon (3/15)

Altars:
Cheibriados
Gozag

Shops:
D:3 *

Annotations:
D:2 Crazy Yiuf
D:3 Robin


Innate Abilities, Weirdness & Mutations

You are very small and have problems with some larger weapons.
You are too small for most types of armour.
You have supernaturally acute eyesight. (SInv)
You cover ground extremely quickly. (Speed+++)


Message History

You climb downwards.
Level annotation: Crazy Yiuf
There is a stone staircase leading up here.
There is a stone staircase leading down here.
You feel your willpower return.
Crazy Yiuf shouts!
Crazy Yiuf is nearby!
Crazy Yiuf is nearby!
Crazy Yiuf is nearby!
You hit Crazy Yiuf. You freeze Crazy Yiuf.
Crazy Yiuf is lightly wounded.
Crazy Yiuf cries, "Fire!
Castle testudinal stair."
Crazy Yiuf hits you with a +3 quarterstaff of chaos!
Ouch! That really hurt!
You are lethally poisoned!
You are too injured to fight recklessly!
* * * LOW HITPOINT WARNING * * *
You feel very sick.
You feel much better.
You feel very sick.
Crazy Yiuf says, "Crazy?
Crazy!?
PORCUPINE!"
You feel sick.
Crazy Yiuf says, "Crazy?
Crazy!?
PORCUPINE!"
You feel sick.
You feel sick.
You feel sick.
* * * LOW HITPOINT WARNING * * *
You feel sick.
* * * LOW HITPOINT WARNING * * *
You feel sick.
It was a potion of invisibility.
You fade into invisibility!
* * * LOW HITPOINT WARNING * * *
You feel sick.
It was a potion of resistance.
You feel protected.
* * * LOW HITPOINT WARNING * * *
You feel sick.
It was a potion of magic.
Magic courses through your body.
You die...
Your body crumbles into a pile of gold.

#...##...........##.# #.##.# #.
#................##.#####.##.###.
##..##....................##.....
#..####.##..###.##.#############
#........#..# #.##.# #
##(####..#..###.##.# #
#.####..#..g......# ###
#......)...###g#### #..
#######..######@## #.#
#........#####...# #.#
#.#####......#...# #.# #.#
######.#...# #.# #.#
#.##.##############.# #.#
###.##.............##.. #<#
##...##..##########.#### #.#
#....##..# #.# # #.####
#....###.# #.#


You could see Crazy Yiuf.

Vanquished Creatures
  2 dart slugs
  2 orcs (D:3)
  9 ball pythons
  2 bats
  4 endoplasms
  A giant cockroach (D:1)
  7 goblins
  3 hobgoblins
  2 jackals (D:2)
  3 kobolds
  2 quokkas (D:1)
  A frilled lizard (D:3)
  5 rats
43 creatures vanquished.

Vanquished Creatures (others)
  A plant (D:3)
1 creature vanquished.

Grand Total: 44 creatures vanquished

Notes
Turn   | Place    | Note
-------+----------+-------------------------------------------
     0 | D:1      | BlueGoblin the Spriggan Monk began the quest for the Orb.
     0 | D:1      | Reached XP level 1. HP: 11/11 MP: 2/2
   188 | D:1      | Reached XP level 2. HP: 16/16 MP: 3/3
   235 | D:1      | Reached skill level 5 in Dodging
  1370 | D:1      | Found a faded altar of an unknown god.
  1598 | D:1      | Prayed at the altar of an unknown god.
  1598 | D:1      | Became a worshipper of Gozag Ym Sagoz the Greedy
  1697 | D:2      | You fall into a shaft and drop 1 floor!
  1926 | D:3      | Reached XP level 3. HP: 11/19 MP: 4/4
  2065 | D:3      | Found Ujajud's Assorted Antiques.
  2422 | D:3      | Noticed Robin
  2639 | D:3      | Reached skill level 6 in Dodging
  2895 | D:2      | Found a snail-covered altar of Cheibriados.
  3077 | D:2      | Found a runed translucent door.
  3078 | D:2      | Noticed Crazy Yiuf
  3725 | D:1      | Identified a scroll of acquirement
  3725 | D:1      | Acquired the ring "Wesenon" {Will+ Slay+2}
  3835 | D:2      | Succumbed to Crazy Yiuf's poison

Illustrated notes

Levels and vault maps discovered:
D:1:      dpeg_arrival_another_circle, layout_basic,
          chequers_ecumenical_altar_island
D:2:      layout_loops_ring, basic_altar, uniq_crazy_yiuf_cottage
D:3:      layout_basic, serial_shops, nicolae_shop_overgrown_old_shop,
          uniq_robin

Skill      XL: |  1  2  3 |
---------------+----------+-----
Dodging        | 5 6 |  6.3
Fighting       | |  2.4
Short Blades   | |  3.2
Stealth        | |  3.0

Action                   || total
-------------------------++-------
Melee: Short sword       ||   135
  Use: Scroll            ||    10
       Potion            ||     4
 Stab: Sleeping          ||     4
Armor: Robe              ||    10
Dodge: Dodged            ||    90

Table legend: (Time is in decaauts)
 A = Elapsed time spent in this place.
 B = Non-inter-level travel time spent in this place.
 C = Inter-level travel time spent in this place.
 D = Time resting spent in this place.
 E = Time spent auto-exploring this place.
 F = Levels seen in this place.
 G = Mean time per level.
                   A        B        C        D        E       F      G
               +--------+--------+--------+--------+--------+-----+--------+
         Total |   3003 |   2927 |     76 |    926 |   1518 |   3 | 1001.0 |
       Dungeon |   3003 |   2927 |     76 |    926 |   1518 |   3 | 1001.0 |
               +--------+--------+--------+--------+--------+-----+--------+

Top non-repeatable levels by time:
     D:1: 1453 daAuts
     D:3: 818 daAuts
     D:2: 732 daAuts
